 Dungeon Crawl Stone Soup version 0.30.1-4-g462c640d31 (webtiles) character file.

Game seed: 4064605452549409529

4 HagarQim the Covered (level 1, -3/19 HPs)
             Began as an Armataur Fighter on Sept 11, 2023.
             Slain by a gnoll
             ... wielding a +0 whip
              (4 damage)
             ... on level 1 of the Dungeon.
             The game lasted 00:00:39 (148 turns).

HagarQim the Covered (Armataur Fighter)              Turns: 148, Time: 00:00:39

Health: -3/19      AC:  8    Str: 21    XL:     1   Next: 58%
Magic:  1/1        EV:  7    Int:  8    God:
Gold:   0          SH:  4    Dex:  9    Spells: 0/0 levels left

rFire   . . .        a - +0 flail
rCold   . . .        c - +0 buckler
rNeg    . . .        b - +0 scale mail
rPois   .            (no helmet)
rElec   .            (no cloak)
rCorr   .            f - +0 pair of gloves
SInv    .            (no barding)
Will    .....        (no amulet) Stlth
                     (no ring)
HPRegen 0.23/turn    (no ring)
MPRegen 0.07/turn

%: roll
@: mighty
A: large, rugged brown scales 3, deformed body, armoured tail, roll, long
tongue, awkward tongue
a: no special abilities


You were on level 1 of the Dungeon.
You visited 1 branch of the dungeon, and saw 1 of its levels.

Inventory:

Hand Weapons
 a - a +0 flail (weapon)
Armour
 b - a +0 scale mail (worn)
 c - a +0 buckler (worn)
 f - a +0 pair of gloves (worn)
Scrolls
 e - a scroll of vulnerability {unknown}
Potions
 d - a potion of might


   Skills:
 + Level 2.7 Fighting
 + Level 1.9 Maces & Flails
 + Level 3.7 Armour
 + Level 3.3 Shields


You couldn't memorise any spells.
You didn't know any spells.
Your spell library was empty.

Dungeon Overview and Level Annotations

Branches:
Dungeon (1/15)

Altars:


Innate Abilities, Weirdness & Mutations

You are completely covered in rugged brown scales. (AC +3, +7% HP)
Armour fits poorly on your strangely shaped body.
You have a long armoured tail.
You roll when moving toward enemies. (Rampage)
Your long tongue fully drains potion bottles. (2x potion effects)
Your tongue gives you trouble enunciating. (1.5x scroll delay)


Message History

Found a stone.
There is an open door here.
No target in view!
You open the door.
There is an open door here.
Found a pair of gloves.
No target in view!
You see here a +0 pair of gloves.
f - a +0 pair of gloves You start putting on your armour.
You continue putting on your +0 pair of gloves. x4
You finish putting on your +0 pair of gloves.
A gnoll comes into view. It is wielding a +0 whip.
The gnoll shouts!
You roll towards the gnoll!
You roll towards the gnoll!
The gnoll hits you but does no damage.
You closely miss the gnoll. The gnoll hits you with a +0 whip. x2
You barely miss the gnoll. The gnoll closely misses you.
You closely miss the gnoll.
Your tail-slap misses the gnoll.
The gnoll hits you with a +0 whip.
Unknown command.
You hit the gnoll.
The gnoll is lightly wounded.
The gnoll hits you but does no damage. x2
You barely miss the gnoll.
The gnoll is lightly wounded.
The gnoll hits you but does no damage.
You hit the gnoll.
The gnoll is moderately wounded.
The gnoll hits you with a +0 whip.
* * * LOW HITPOINT WARNING * * *
You closely miss the gnoll.
The gnoll is moderately wounded.
The gnoll hits you with a +0 whip.
* * * LOW HITPOINT WARNING * * *
The gnoll hits you but does no damage.
You feel very mighty all of a sudden.
You slurp down every last drop of the potion of might!
The gnoll hits you with a +0 whip.
You die...

#)# ..
...##...#.#
#.######
###.#.#
+......#
#.#.#
#.####.#
#...# #.#
#.#.# #.#
#.#####.#.#
#.#
#.......#.#
#.#
#########.#
#.# #@# #.#
#g# #.# #.#
#.# #.# #.#
#.# #.# #..
#.# ### ..#
..#


You could see a gnoll.

Vanquished Creatures
  A ball python (D:1)
  A giant cockroach (D:1)
  A goblin (D:1)
  A bat (D:1)
4 creatures vanquished.

Notes
Turn   | Place    | Note
-------+----------+-------------------------------------------
     0 | D:1      | HagarQim the Armataur Fighter began the quest for the Orb.
     0 | D:1      | Reached XP level 1. HP: 19/19 MP: 1/1
   148 | D:1      | Slain by a gnoll

Illustrated notes

Levels and vault maps discovered:
D:1:      nzn_arrival_settlement, layout_basic, minivault_11

Action                     || total
---------------------------++-------
  Melee: Flail             ||    19
         Tailslap          ||     1
    Use: Potion            ||     1
 Armour: Scale mail        ||    11
  Dodge: Dodged            ||     6
  Block: Buckler           ||     1
